 Dungeon Crawl Stone Soup version 0.17-a0-1409-ge6d9485 (console) character file.

3288 Fusha the Covert (level 10, -1/50 HPs)
             Began as a Kobold Ice Elementalist on June 22, 2015.
             Was an Elder of Yredelemnul.
             Slain by a gnoll
             ... wielding a +0 halberd
              (6 damage)
             ... in a bailey.
             The game lasted 00:45:06 (10289 turns).

Fusha the Covert (Kobold Ice Elementalist)         Turns: 10289, Time: 00:45:06

Health: -1/50      AC:  5    Str: 12    XL:     10   Next: 20%
Magic:  8/16       EV: 15    Int: 14    God:    Yredelemnul [****..]
Gold:   155        SH:  0    Dex: 19    Spells: 3 memorised, 9 levels left

rFire  . . .     SeeInvis .     a - +2 dagger (chaos)
rCold  . . .     Clarity  .     B - +0 robe {MR+}
rNeg   . . .     SustAt   .     (shield restricted)
rPois  .         Gourm    .     t - +0 helmet
rElec  .         Spirit   .     (no cloak)
rCorr  .         Warding  .     (no gloves)
rMut   .         Stasis   .     w - +1 pair of boots {Stlth+}
MR     +....                    (no amulet)
Stlth  ++++++....               (no ring)
                                (no ring)

@: mighty, somewhat resistant to hostile enchantments, very stealthy
A: carnivore 3
a: Animate Dead, Recall Undead Slaves, Injury Mirror, Drain Life, Renounce
Religion


You were in a bailey.
You worshipped Yredelemnul.
Yredelemnul was greatly pleased with you.
You were full.

You visited 1 branch of the dungeon, and saw 7 of its levels.
You also visited: Bailey.

You collected 386 gold pieces.
You spent 231 gold pieces at shops.

Inventory:

Hand weapons
 a - a +2 dagger of chaos (weapon)
 i - a +3 war axe
 l - a +0 dagger
 y - a +2 dagger of chaos
 D - a +2 trident of protection
Missiles
 e - 14 poisoned needles
Armour
 q - a +0 leather armour
 t - a +0 helmet (worn)
 w - a +1 pair of boots of stealth (worn)
 A - a +0 robe
 B - a +0 robe of magic resistance (worn)
Magical staves
 G - an uncursed staff of conjuration
Magical devices
 u - a wand of digging (11)
 v - a wand of slowing (18)
 C - a wand of disintegration (0)
Scrolls
 g - a scroll of fear {unknown}
 h - a scroll of blinking {unknown}
 k - a scroll of magic mapping {unknown}
 m - a scroll of recharging {unknown}
 o - a scroll of random uselessness {unknown}
 p - 2 scrolls of enchant weapon {unknown}
 r - a scroll of enchant armour {unknown}
 s - 2 scrolls of teleportation
 F - a scroll of remove curse {unknown}
Potions
 f - 2 potions of degeneration
 j - a potion of brilliance
 n - a potion of lignification
 x - a potion of agility
 E - a potion of haste
Books
 b - a book of Frost

   Spells                             Type                      Level
   a - Freeze                         Ice                          1
   b - Throw Frost                    Conjuration/Ice              2
   c - Ozocubu's Armour               Charms/Ice                   3
   d - Throw Icicle                   Conjuration/Ice              4
   e - Summon Ice Beast               Ice/Summoning                4
   f - Condensation Shield            Ice                          4
Comestibles
 c - 2 meat rations
 d - 3 beef jerkies


   Skills:
 * Level 8.9 Short Blades
 + Level 6.4 Dodging
 * Level 10.3 Stealth
 - Level 4.2 Spellcasting
   Level 0.8 Conjurations
 + Level 6.4 Ice Magic
 * Level 4.3 Invocations


You had 9 spell levels left.
You knew the following spells:

 Your Spells              Type           Power        Failure   Level  Hunger
a - Freeze                Ice            ###.         1%          1    None
b - Ozocubu's Armour      Chrm/Ice       ##......     17%         3    ###....
c - Condensation Shield   Ice            ###.......   17%         4    ####...


Dungeon Overview and Level Annotations

Branches:
Dungeon (7/15)
 Temple: D:4-7

Altars:
Dithmenos
Elyvilon
Gozag
Okawaru
Qazlal
Trog
Xom
Yredelemnul
The Shining One

Shops:
D:5 [


Innate Abilities, Weirdness & Mutations

You are small and have problems with some larger weapons.
You are carnivorous and can eat meat at any time.


Message History

Aiming: Freeze
Press: ? - help, Shift-Dir - straight line, f/p - hobgoblin
Aim: a hobgoblin You freeze the hobgoblin.
You kill the hobgoblin!
Yredelemnul accepts your kill.
Things that are here:
a tomahawk of returning; a halberd
There is an open door here.
Use which ability? (? or * to list)
You begin recalling your allies.
You feel slightly less full.
Your gnoll zombie is recalled.
You finish recalling your allies.
The gnoll completely misses you.
Your gnoll zombie hits the gnoll but does no damage.
A kobold comes into view.
There is a gate leading back out of this place here.
Your gnoll zombie misses the gnoll.
The gnoll hits you from afar with a halberd.
You die...
Your body rises from the dead as a mindless zombie.

### ### ##### #
#∩###(###(%(## .#
##'##'##g###'##'##'#
##....g## ##(....#
###..(.Z### #((...#
#.(..@..'.#.'g.⌠..'.#
###((...#####.....###
##.....## #.....#
##'##'##'## '##'##'#
#.###.###.# # .# #.#
### ### #### ## '#
#g# #K


You could see 3 gnolls, a kobold and a friendly gnoll zombie.

Vanquished Creatures
  Sigmund (D:6)
  Edmund (D:6)
  A sky beast (D:5)
  An ice beast (D:7)
  3 ogres
  An orc warrior (D:7)
  3 centaurs
  A necrophage (D:5)
  3 big kobolds (D:4)
  Blork the orc (D:6)
  A giant frog (D:6)
  A water moccasin zombie (D:6)
  3 wights (D:7)
  A jelly (D:5)
  A crimson imp (D:5)
  A giant frog zombie (D:6)
  An orc priest (D:5)
  A giant frog skeleton (D:4)
  2 hounds (D:5)
  A centaur skeleton (D:5)
  3 iguanas
  5 orc wizards
  Natasha (thrice) (D:2)
  A worker ant (D:4)
  A worker ant zombie (D:5)
  5 adders
  15 gnolls
  2 shadow imps (D:6)
  2 worms
  2 giant geckos
  18 orcs
  16 goblins
  19 hobgoblins
  13 jackals
  60 kobolds
  2 quokkas
  15 bats
  7 giant cockroaches
  A giant cockroach zombie (D:6)
  A giant gecko skeleton (D:6)
  A giant gecko zombie (D:5)
  3 giant newts
  A jackal skeleton (D:4)
  15 rats
240 creatures vanquished.

Vanquished Creatures (collateral kills)
  The ghost of Zgarb the Basher, an experienced GrFi (D:6)
  An ice beast (D:5)
  An ogre (D:5)
  A giant frog zombie (D:5)
  A hound (D:4)
  An iguana (D:6)
  A jelly (D:5)
  A worker ant (D:5)
  An orc wizard (D:5)
  An adder (D:5)
  2 gnolls (D:4)
  An orc (D:5)
  A goblin (D:4)
  3 kobolds (D:4)
  A rat (D:4)
18 creatures vanquished.

Vanquished Creatures (others)
  An iguana zombie (D:5)
  A quokka (D:2)
  A goblin zombie (D:4)
  4 kobold zombies
7 creatures vanquished.

Grand Total: 265 creatures vanquished

Notes
Turn   | Place    | Note
--------------------------------------------------------------
     0 | D:1      | Fusha the Kobold Ice Elementalist began the quest for the Orb.
     0 | D:1      | Reached XP level 1. HP: 10/10 MP: 3/3
   169 | D:1      | Reached XP level 2. HP: 12/15 MP: 0/5
   640 | D:1      | Reached XP level 3. HP: 19/19 MP: 6/6
   656 | D:1      | Reached skill level 1 in Short Blades
  1435 | D:2      | Reached XP level 4. HP: 15/24 MP: 1/7
  1853 | D:2      | Found a basalt altar of Yredelemnul.
  1871 | D:2      | Became a worshipper of Yredelemnul the Dark
  1907 | D:2      | Noticed Natasha
  1939 | D:2      | Killed Natasha
  2119 | D:2      | Found a white marble altar of Elyvilon.
  2154 | D:2      | Reached skill level 4 in Stealth
  2236 | D:2      | Reached XP level 5. HP: 28/28 MP: 3/8
  2362 | D:2      | Found a bloodstained altar of Trog.
  2531 | D:2      | Noticed Natasha
  2540 | D:2      | Killed Natasha
  2738 | D:2      | Noticed Natasha
  2743 | D:2      | Killed Natasha
  2780 | D:3      | Found a glowing golden altar of the Shining One.
  3041 | D:3      | Found an opulent altar of Gozag.
  3106 | D:3      | Acquired Yredelemnul's first power
  3562 | D:4      | Reached XP level 6. HP: 32/32 MP: 10/10
  3566 | D:4      | Reached skill level 5 in Stealth
  3650 | D:5      | Entered Level 5 of the Dungeon
  3667 | D:4      | Learned a level 3 spell: Ozocubu's Armour
  3805 | D:4      | Found a stormy altar of Qazlal.
  3855 | D:4      | Noticed an ogre
  3874 | D:4      | Killed an ogre
  4080 | D:4      | Reached XP level 7. HP: 9/36 MP: 3/11
  4613 | D:4      | Found a shimmering altar of Xom.
  4875 | D:4      | Reached skill level 6 in Stealth
  5145 | D:4      | Acquired Yredelemnul's second power
  5422 | D:4      | HP: 1/36 [gnoll/halberd (16)]
  5701 | D:4      | Reached skill level 5 in Short Blades
  5701 | D:4      | Reached XP level 8. HP: 31/41 MP: 7/13
  6025 | D:4      | Reached skill level 7 in Stealth
  6727 | D:5      | Acquired Yredelemnul's third power
  6818 | D:5      | Found a shadowy altar of Dithmenos.
  6868 | D:5      | Found Ufo Bui's Armour Emporium.
  6868 | D:5      | Found an iron altar of Okawaru.
  6897 | D:5      | Reached skill level 5 in Dodging
  6929 | D:5      | Bought a +1 pair of boots of stealth for 231 gold pieces
  6972 | D:5      | Noticed an ice beast
  6989 | D:5      | Killed an ice beast
  6989 | D:5      | Reached skill level 5 in Ice Magic
  7352 | D:5      | Reached skill level 8 in Stealth
  7744 | D:5      | Reached XP level 9. HP: 20/45 MP: 6/15
  8049 | D:5      | Learned a level 4 spell: Condensation Shield
  8127 | D:5      | Reached skill level 1 in Invocations
  8567 | D:6      | Noticed Blork the orc
  8573 | D:6      | Killed Blork the orc
  8632 | D:6      | Noticed Edmund
  8662 | D:6      | Reached skill level 9 in Stealth
  8786 | D:6      | Killed Edmund
  9304 | D:6      | Noticed Sigmund
  9312 | D:6      | Killed Sigmund
  9364 | D:6      | Noticed Zgarb's ghost (experienced GrFi)
  9381 | D:6      | Killed Zgarb's ghost
  9381 | D:6      | Reached skill level 10 in Stealth
  9381 | D:6      | Reached XP level 10. HP: 7/50 MP: 0/16
 10180 | D:7      | Found a flagged portal.
 10185 | Bailey   | Entered a bailey
 10233 | Bailey   | Acquired Yredelemnul's fourth power
 10289 | Bailey   | Slain by a gnoll

Vault maps used:
D:1:      scummos_arrival_simple_fountains, st_stairs_5
D:2:      elyvilon_altar_4, lemuel_coloured_pillars_altar, lemuel_round_altar,
          uniq_natasha
D:3:      lemuel_round_altar, nicolae_overflow_crystal_walls
D:4:      minmay_goblin_kobold_castle, kennysheep_little_box, tgw_xom
D:5:      okawaru_ov_weapons_minmay, grunt_dithmenos_smoke_and_mirrors,
          first_bread, serial_shops, nicolae_shop_crystal
D:6:      uniq_sigmund, uniq_blork_the_orc, uniq_edmund
D:7:      temple_green, enter_bailey_3, grunt_livestock
Bailey:   bailey_axe_2, bailey

Action                   |  1- 3 |  4- 6 |  7- 9 | 10-12 || total
-------------------------+-------+-------+-------+-------++-------
Melee: Unarmed           |    26 |       |       |       ||    26
       Dagger            |    33 |    54 |   153 |    22 ||   262
       War axe           |       |    11 |     3 |       ||    14
       Hand axe          |       |       |    13 |       ||    13
 Cast: Freeze            |    58 |    77 |   211 |    34 ||   380
       Ozocubu's Armour  |       |       |     3 |     1 ||     4
Invok: Animate Remains   |       |       |     5 |       ||     5
       Animate Dead      |       |       |     8 |     1 ||     9
       Recall Undead Sla |       |       |       |     1 ||     1
Evoke: Wand              |       |       |       |     4 ||     4
  Use: Potion            |       |     2 |     3 |     2 ||     7
       Scroll            |       |     3 |     2 |       ||     5
 Stab: Sleeping          |     5 |    17 |    22 |     7 ||    51
       Distracted        |       |       |     2 |     1 ||     3
       Confused          |       |       |     1 |       ||     1
       Petrified         |       |       |     1 |       ||     1
  Eat: Chunk             |     9 |     6 |    20 |     7 ||    42
